 Dungeon Crawl Stone Soup version 0.27.1 (webtiles) character file.

Game seed: 16773467829524009869

23 calewdscratch the Sneak (level 3, -8/19 HPs)
             Began as a Kobold Enchanter on Aug 31, 2021.
             Mangled by a worm (9 damage)
             ... on level 2 of the Dungeon.
             The game lasted 00:17:19 (1570 turns).

calewdscratch the Sneak (Kobold Enchanter)          Turns: 1570, Time: 00:17:20

Health: -8/19      AC:  2    Str:  5    XL:     3   Next: 12%
Magic:  1/6        EV: 15    Int: 16    God:
Gold:   44         SH:  0    Dex: 16    Spells: 3/6 levels left

rFire    + . .     SeeInvis .   a - +1 dagger
rCold    x . .     Faith    .   (shield restricted)
rNeg     . . .     Spirit   .   b - +0 robe
rPois    +         Reflect  .   (no helmet)
rElec    .         Harm     .   (no cloak)
rCorr    .         Rampage  .   (no gloves)
Will     .....                  (no boots)
Stlth    ++++......             (no amulet)
HPRegen  0.06/turn              k - ring of fire
MPRegen  0.10/turn              l - ring of poison resistance

@: very slightly contaminated
A: small, no large weapons, nightstalker 3
a: no special abilities


You were on level 2 of the Dungeon.
You visited 1 branch of the dungeon, and saw 2 of its levels.

You collected 44 gold pieces.

Inventory:

Hand Weapons
 a - a +1 dagger (weapon)
Armour
 b - a +0 robe (worn)
 d - a +0 leather armour
Jewellery
 k - a ring of fire (left hand)
 l - a ring of poison resistance (right hand)
Scrolls
 e - a scroll of enchant weapon {unknown}
 g - a scroll of teleportation {unknown}
 j - a scroll of identify {unknown}
Potions
 c - a potion of attraction {unknown}
 f - 2 potions of magic {unknown}
 h - 2 potions of heal wounds {unknown}
 i - a potion of brilliance {unknown}


   Skills:
 * Level 1.7 Short Blades
 - Level 2.4 Dodging
 + Level 5.1 Stealth
 - Level 2.2 Spellcasting
 + Level 3.3 Hexes


You had 3 spell levels left.
You knew the following spells:

 Your Spells              Type           Power      Damage    Failure   Level
a - Corona                Hex            13%        N/A       5%          1
b - Ensorcelled Hibernat  Hex/Ice        14%        N/A       16%         2

Your spell library contained the following spells:

 Spells                   Type           Power      Damage    Failure   Level
 Confusing Touch          Hex            12%        N/A       16%         3
 Tukima's Dance           Hex            12%        N/A       16%         3
 Dazzling Flash           Conj/Hex       14%        N/A       30%         3


Dungeon Overview and Level Annotations

Branches:
Dungeon (2/15)

Altars:


Innate Abilities, Weirdness & Mutations

You are small and have problems with some larger weapons.
You are completely attuned to the shadows.


Message History

Casting: Ensorcelled Hibernation (safe; 16% risk of failure)
Confirm with . or Enter, or press ? or * to list all spells.
Aiming: Ensorcelled Hibernation (safe; 16% risk of failure)
Press: ? - help, Shift-Dir - straight line, f/p - worm
Aim: a worm (chance to affect: 48%)
The worm looks drowsy...
You hit the worm.
The worm is lightly wounded.
The worm bites you!
You hit the worm.
The worm is lightly wounded.
You hit the worm.
The worm is lightly wounded.
The worm closely misses you.
You barely miss the worm.
The worm is lightly wounded.
You hit the worm.
The worm is lightly wounded.
The worm misses you.
You hit the worm but do no damage.
The worm is lightly wounded.
The worm closely misses you.
You barely miss the worm.
The worm is lightly wounded.
You completely miss the worm.
The worm is lightly wounded.
The worm bites you!
* * * LOW HITPOINT WARNING * * *
You hit the worm.
The worm is lightly wounded.
You hit the worm but do no damage.
The worm is lightly wounded.
The worm bites you.
* * * LOW HITPOINT WARNING * * *
You hit the worm.
The worm is lightly wounded.
You hit the worm.
The worm is moderately wounded.
The worm bites you!
You die...

#...>............##.
#.###.##.#.##.....##
#.# #.##.#.##......#
####.###. #....#.....#.
......... #............
####.######....###.###.
#.....<..#.## #.# ##
###.####.#. ..#
####@####.# #..#
##....w#.....#
#..#.....#....
#.###...###...
#..#..#..#...#
##...###.....# #...##
##....#
#..†..###.....####
#...#..#..#......#


You could see a worm.

Vanquished Creatures
  A worm (D:2)
  5 bats
  3 endoplasms
  A giant cockroach (D:1)
  2 goblins (D:1)
  A hobgoblin (D:2)
  A jackal (D:2)
  2 ball pythons
  A frilled lizard (D:1)
  2 kobolds (D:2)
  A rat (D:1)
20 creatures vanquished.

Notes
Turn   | Place    | Note
-------+----------+-------------------------------------------
     0 | D:1      | calewdscratch the Kobold Enchanter began the quest for the
                  | Orb.
     0 | D:1      | Reached XP level 1. HP: 10/10 MP: 3/3
     2 | D:1      | Noticed a barachi
     2 | D:1      | Noticed an elf
     4 | D:1      | Noticed an ogre
    12 | D:1      | Noticed a merfolk
    12 | D:1      | Noticed a felid
    14 | D:1      | Noticed a djinni
    14 | D:1      | Noticed a palentonga
    16 | D:1      | Noticed a tengu
    16 | D:1      | Noticed a vampire
    18 | D:1      | Noticed a human
    18 | D:1      | Noticed a spriggan
    20 | D:1      | Noticed a demonspawn
    20 | D:1      | Noticed a naga
    22 | D:1      | Noticed a demigod
    22 | D:1      | Noticed a gargoyle
    24 | D:1      | Noticed a dwarf
    24 | D:1      | Noticed an octopode
    26 | D:1      | Noticed a troll
    28 | D:1      | Noticed a minotaur
    28 | D:1      | Noticed a draconian
    30 | D:1      | Noticed a formicid
    30 | D:1      | Noticed a ghoul
    32 | D:1      | Noticed a vine stalker
   274 | D:1      | Found a faded altar of an unknown god.
   456 | D:1      | Reached XP level 2. HP: 15/15 MP: 5/5
  1279 | D:2      | Reached XP level 3. HP: 19/19 MP: 6/6
  1287 | D:2      | Reached skill level 5 in Stealth
  1553 | D:2      | Learned a level 2 spell: Ensorcelled Hibernation
  1570 | D:2      | Mangled by a worm

Illustrated notes

Levels and vault maps discovered:
D:1:      kb_arrival_jail, layout_loops_ring,
          hellmonk_ecumenical_altar_crossroads, roderic_lattice_a,
          chequers_mini_garden
D:2:      minmay_inner_zag, layout_loops_ring, serial_glass, glass_columns_c,
          glass_columns_a, minmay_strange_pillars, kennysheep_generic_room_8,
          uniq_crazy_yiuf_cottage

Skill      XL: |  1  2  3 |
---------------+----------+-----
Stealth        | 5 |  5.1
Short Blades   | |  1.7
Dodging        | |  2.4
Spellcasting   | |  2.2
Hexes          | |  3.3

Action                   || total
-------------------------++-------
Melee: Dagger            ||    51
 Cast: Corona            ||     8
       Ensorcelled Hiber ||     1
 Stab: Sleeping          ||    15
Armor: Robe              ||     7
Dodge: Dodged            ||    32
